 Dungeon Crawl Stone Soup version 0.21.0-3-g78d12a8 (webtiles) character file.

645 letownia2 the Magician (level 7, -1/35 HPs)
             Began as a Vine Stalker Wizard on Jan 13, 2018.
             Shot with an arrow by a centaur (8 damage)
             ... on level 5 of the Dungeon.
             The game lasted 00:17:28 (3591 turns).

letownia2 the Magician (Vine Stalker Wizard)        Turns: 3591, Time: 00:17:29

Health: -1/35      AC:  6    Str: 12    XL:     7   Next: 52%
Magic:  0/15       EV: 11    Int: 18    God:
Gold:   123        SH:  0    Dex: 12    Spells: 6/15 levels left

rFire    . . .     SeeInvis .   e - +0 dagger
rCold    . . .     Gourm    .   (no shield)
rNeg     + . .     Faith    .   h - +0 acid dragon scales
rPois    .         Spirit   +   b - +0 hat
rElec    .         Reflect  .   (no cloak)
rCorr    +         Harm     .   (no gloves)
MR       .....                  (no boots)
Stlth    ++........             (no amulet)
HPRegen  0.51/turn              i - ring of positive energy
MPRegen  0.14/turn              (no ring)

@: no status effects
A: fangs 2, regeneration 1, magic shield, antimagic bite, no potion heal 3, rot
immunity
a: no special abilities


You were on level 5 of the Dungeon.
You were hungry.

You visited 1 branch of the dungeon, and saw 5 of its levels.
You also visited: Sewer.

You collected 123 gold pieces.

Inventory:

Hand Weapons
 e - a +0 dagger (weapon)
 k - a +0 blowgun
Missiles
 l - 14 poisoned needles
Armour
 a - a +0 robe
 b - a +0 hat (worn)
 f - a +2 leather armour of cold resistance
 h - +0 acid dragon scales (worn)
Jewellery
 i - a ring of positive energy (left hand)
Wands
 p - a wand of flame (59)
Scrolls
 g - 3 scrolls of remove curse {unknown}
 j - a scroll of teleportation {unknown}
 n - 2 scrolls of noise {unknown}
 q - 2 scrolls of blinking {unknown}
Potions
 m - a potion of might {unknown}
 o - a potion of lignification {unknown}
 r - a potion of heal wounds {unknown}
Books
 c - a book of Minor Magic

   Spells                             Type                      Level
   a - Magic Dart                     Conjuration                  1
   b - Blink                          Translocation                2
   c - Call Imp                       Summoning                    2
   d - Slow                           Hexes                        2
   e - Conjure Flame                  Conjuration/Fire             3
   f - Mephitic Cloud                 Conjuration/Poison/Air       3
Comestibles
 d - 6 rations


   Skills:
 - Level 2.4 Fighting
 - Level 1.5 Dodging
 - Level 2.4 Stealth
 + Level 4.9 Spellcasting
 - Level 4.0 Conjurations
   Level 1.0 Summonings
 - Level 2.1 Translocations
 - Level 2.0 Fire Magic
 - Level 2.2 Air Magic
 - Level 2.2 Poison Magic


You had 6 spell levels left.
You knew the following spells:

 Your Spells              Type           Power        Failure   Level  Hunger
a - Magic Dart            Conj           ###.         3%          1    None
b - Blink                 Tloc           N/A          12%         2    #......
c - Conjure Flame         Conj/Fire      ###.....     17%         3    ###....
e - Mephitic Cloud        Conj/Pois/Air  ##......     19%         3    ###....


Dungeon Overview and Level Annotations

Branches:
Dungeon (5/15)
 Temple: D:4-7

Altars:
Dithmenos


Innate Abilities, Weirdness & Mutations

You have extremely sharp teeth.
Your natural rate of healing is unusually fast.
When hurt, damage is shared between your health and your magic reserves.
Your bite disrupts and absorbs the magic of your enemies.
Potions cannot restore your health.
You are immune to rotting.


Message History

The centaur hits you. x2
You hit the centaur but do no damage. Your bite misses the centaur.
The centaur is lightly wounded.
The hound zombie barely misses you. The centaur barely misses you.
You hit the centaur.
The centaur is lightly wounded.
The hound zombie bites you but does no damage.
The centaur barely misses you.
The hound zombie bites you but does no damage.
The centaur hits you.
Unknown command.
The centaur wields an uncursed shortbow.
The centaur shoots an arrow.
The arrow hits you!
* * * LOW HITPOINT WARNING * * *
You see here 2 arrows.
You see here 3 arrows.
Unknown command.
The hound zombie bites you but does no damage.
The centaur shoots an arrow.
The arrow hits you!
You die...

...........
.......... ....
#.#.............
#...............
##)..............
#Sc###........... #
##(## ........#
#.#Z.# ######.#..
##..@#######.........
#............####....
#.#############......
... #..##.## #..
##.###.# #..
##<.###.# ...
########..#....#
#...........####
#...........###


You could see a centaur, an adder and a hound zombie.

Vanquished Creatures
  A phantom (D:4)
  A bullfrog (Sewer)
  A howler monkey (D:5)
  A crimson imp (D:4)
  Ijyb (D:5)
  Terence (D:2)
  3 worker ants (D:4)
  A hound skeleton (D:5)
  A gnoll (D:3)
  9 adders
  6 river rats (D:4)
  11 oozes
  An adder skeleton (D:4)
  5 worms (D:4)
  11 leopard geckos
  2 orcs
  8 giant cockroaches
  A goblin (D:1)
  4 hobgoblins
  9 ball pythons (Sewer)
  13 frilled lizards
  5 kobolds
  2 rats
98 creatures vanquished.

Notes
Turn   | Place    | Note
-------+----------+-------------------------------------------
     0 | D:1      | letownia2 the Vine Stalker Wizard began the quest for the Orb.
     0 | D:1      | Reached XP level 1. HP: 9/9 MP: 5/5
   170 | D:2      | Reached XP level 2. HP: 13/13 MP: 7/7
   307 | D:2      | Noticed Terence
   403 | D:2      | Reached XP level 3. HP: 15/16 MP: 8/8
   413 | D:2      | Learned a level 3 spell: Mephitic Cloud
   417 | D:2      | Learned a level 3 spell: Conjure Flame
   470 | D:2      | Killed Terence
   705 | D:3      | Gained mutation: Your natural rate of healing is unusually fast. [Vine Stalker growth]
   705 | D:3      | Reached XP level 4. HP: 21/21 MP: 4/9
   749 | D:4      | Reached skill level 1 in Fire Magic
   749 | D:4      | Reached skill level 1 in Air Magic
   749 | D:4      | Reached skill level 1 in Poison Magic
   958 | D:4      | Learned a level 2 spell: Blink
   963 | D:4      | Reached XP level 5. HP: 25/25 MP: 0/10
  1243 | D:4      | Reached skill level 1 in Fighting
  1276 | D:4      | Found a glowing drain.
  1283 | Sewer    | Entered a sewer
  1701 | Sewer    | Reached XP level 6. HP: 30/30 MP: 4/11
  2618 | D:4      | Noticed a phantom
  2688 | D:4      | Killed a phantom
  2688 | D:4      | Reached XP level 7. HP: 26/35 MP: 0/13
  2949 | D:4      | Found a shadowy altar of Dithmenos.
  3402 | D:5      | Entered Level 5 of the Dungeon
  3432 | D:5      | Noticed Ijyb
  3449 | D:5      | Killed Ijyb
  3591 | D:5      | Shot with an arrow by a centaur

Skill      XL: |  1  2  3  4  5  6  7 |
---------------+----------------------+-----
Conjurations   | 2 3 4 |  4.0
Fire Magic     | 1 2 |  2.0
Air Magic      | 1 2 |  2.2
Poison Magic   | 1 2 |  2.2
Fighting       | 1 2 |  2.4
Translocations | 2 |  2.1
Spellcasting   | 4 |  4.9
Dodging        | |  1.5
Stealth        | |  2.4
Summonings     | |  1.0

Action                   |  1- 3 |  4- 6 |  7- 9 || total
-------------------------+-------+-------+-------++-------
Melee: Dagger            |    32 |   165 |    35 ||   232
       Bite              |     8 |    43 |     7 ||    58
 Cast: Magic Dart        |    34 |   206 |    33 ||   273
       Mephitic Cloud    |     3 |     5 |     1 ||     9
Evoke: Wand              |       |       |    16 ||    16
 Stab: Sleeping          |     2 |       |       ||     2
       Confused          |     3 |     8 |       ||    11
  Eat: Chunk             |       |     7 |     2 ||     9
Armor: Robe              |     1 |       |       ||     1
       Acid dragon scale |    10 |    67 |    25 ||   102
Dodge: Dodged            |    15 |    96 |    48 ||   159
